 Dungeon Crawl Stone Soup version 0.26-a0-652-gafc20e3620 (webtiles) character file.

Game seed: 5044304289956139775

108 smeego the Ducker (level 4, -8/31 HPs)
             Began as an Octopode Fighter on Oct 3, 2020.
             Killed by divine providence
             ... invoked by an orc priest
              (15 damage)
             ... on level 3 of the Dungeon.
             The game lasted 00:01:52 (2208 turns).

smeego the Ducker (Octopode Fighter)                Turns: 2208, Time: 00:01:53

Health: -8/31      AC:  1    Str: 15    XL:     4   Next: 87%
Magic:  4/4        EV: 12    Int: 11    God:
Gold:   89         SH:  8    Dex: 11    Spells: 3/3 levels left

rFire    . . .     SeeInvis .   a - +0 long sword
rCold    . . .     Faith    .   b - +0 kite shield
rNeg     . . .     Spirit   .   (helmet restricted)
rPois    .         Reflect  .   (no amulet)
rElec    .         Harm     .   (no ring)
rCorr    .         Rampage  .   (no ring)
MR       .....                  (no ring)
Stlth    +++.......             (no ring)
HPRegen  0.10/turn              (no ring)
MPRegen  0.09/turn              (no ring)
                                (no ring)
                                (no ring)

@: no status effects
A: almost no armour, stealthy swim, amphibious, 8 rings, constrict 8, camouflage
1, gelatinous body 1
a: no special abilities


You were on level 3 of the Dungeon.
You visited 1 branch of the dungeon, and saw 3 of its levels.

You collected 89 gold pieces.

Inventory:

Hand Weapons
 a - a +0 long sword (weapon)
Missiles
 e - 37 poisoned darts (quivered)
Armour
 b - a +0 kite shield (worn)
Jewellery
 f - an uncursed amulet of guardian spirit
 n - an uncursed amulet of faith
Scrolls
 k - a scroll of amnesia
Potions
 c - a potion of might
 d - a potion of degeneration {unknown}
 h - a potion of brilliance
 m - a potion of flight {unknown}
 o - a potion of magic {unknown}


   Skills:
 + Level 3.3 Fighting
 * Level 3.0 Long Blades
 + Level 1.1 Throwing
 + Level 3.4 Dodging
 + Level 1.9 Stealth
 + Level 3.2 Shields
 + Level 1.2 Unarmed Combat


You had 3 spell levels left.
You didn't know any spells.
Your spell library contained the following spells:

 Spells                   Type           Power        Failure   Level
 Corona                   Hex            #......      85%         1
 Ensorcelled Hibernation  Hex/Ice        #.....       94%         2
 Confusing Touch          Hex            #.......     99%         3
 Dazzling Flash           Conj/Hex       #.....       99%         3
 Tukima's Dance           Hex            #.......     99%         3


Dungeon Overview and Level Annotations

Branches:
Dungeon (3/15)

Altars:

Annotations:
D:3 Jessica


Innate Abilities, Weirdness & Mutations

You cannot wear most types of armour.
You are very stealthy in the water. (Stealth+)
You are amphibious.
You can wear up to eight rings at the same time.
You can use your tentacles to constrict eight enemies at once.
Your skin changes colour to match your surroundings (Stealth+).
Your rubbery body absorbs attacks. (AC +1, EV +1)


Message History

An orc priest comes into view. It is wielding a +2 dagger of flaming.
Unknown command.
As you read the scroll of teleportation, it crumbles to dust.
You feel strangely unstable.
Jessica mumbles some strange words.
Jessica blinks!
You block the kobold's attack.
The orc priest begins to cast a cantrip, but forgets the words!
The orc priest calls down the wrath of Beogh upon you.
Beogh smites you!
The orc priest shouts!
Your surroundings suddenly seem different.
Floosh!
Jessica casts a spell.
Jessica blinks!
The orc priest mumbles some strange prayers to Beogh against you.
Pain shoots through your body!
* * * LOW HITPOINT WARNING * * *
The orc priest invokes the aid of Beogh against you.
Beogh smites you!
You die...

########## ........#
......... #........ ######.
#........
#.......##@......≈..≈
#......##≈...≈≈..≈..≈ .
#......#≈≈..≈..≈o.≈..
..#####......#≈≈..{o.≈⌠.≈..
#.....#......#≈≈..o≈.⌠≈..≈.
#.....#......#≈≈≈..o..≈..≈.
#....<.......##≈≈≈.wK..≈≈..
#.....#......)##.≈..≈......
#(............##..≈≈..§....


You could see 2 orc priests, a dart slug, 2 orcs and a kobold.

Vanquished Creatures
  Natasha (D:3)
  An adder (D:2)
  An ooze (D:1)
  A dart slug (D:1)
  4 bats
  16 giant cockroaches
  7 goblins
  7 hobgoblins
  6 kobolds
  2 quokkas (D:2)
  A ball python (D:2)
  5 frilled lizards
  A jackal zombie (D:3)
  8 rats
61 creatures vanquished.

Vanquished Creatures (others)
  A plant (D:1)
1 creature vanquished.

Grand Total: 62 creatures vanquished

Notes
Turn   | Place    | Note
-------+----------+-------------------------------------------
     0 | D:1      | smeego the Octopode Fighter began the quest for the Orb.
     0 | D:1      | Reached XP level 1. HP: 16/16 MP: 1/1
   128 | D:1      | Reached XP level 2. HP: 21/21 MP: 2/2
   602 | D:1      | Reached skill level 1 in Stealth
   602 | D:1      | Reached XP level 3. HP: 21/26 MP: 3/3
  1607 | D:2      | Reached XP level 4. HP: 27/31 MP: 4/4
  1616 | D:2      | Reached skill level 1 in Unarmed Combat
  2005 | D:2      | Reached skill level 1 in Throwing
  2157 | D:2      | Found a faded altar of an unknown god.
  2196 | D:3      | Noticed Natasha
  2201 | D:3      | Noticed Jessica
  2204 | D:3      | Killed Natasha
  2208 | D:3      | Killed from afar by an orc priest

Illustrated notes

Levels and vault maps discovered:
D:1:      matt_arrival_refuge, layout_basic, serial_bayou_lake_a
D:2:      minmay_roachtagon, layout_loops_cross, chequers_ecumenical_altar_grove
D:3:      cheibrodos_helix_gallery, layout_rooms, uniq_jessica, uniq_natasha

Skill      XL: |  1  2  3  4 |
---------------+-------------+-----
Stealth        | 1 |  1.9
Unarmed Combat | 1 |  1.2
Throwing       | 1 |  1.1
Long Blades    | 3 |  3.0
Fighting       | |  3.3
Dodging        | |  3.4
Shields        | |  3.2

Action                   |  1- 3 |  4- 6 || total
-------------------------+-------+-------++-------
Melee: Long sword        |    79 |    34 ||   113
       Constrict         |    22 |     7 ||    29
       Tentacles         |     9 |     4 ||    13
       Punch             |     1 |       ||     1
  Use: Scroll            |       |     7 ||     7
 Stab: Sleeping          |     9 |     2 ||    11
Armor: Skin              |     6 |     3 ||     9
Dodge: Dodged            |    32 |    17 ||    49
Block: Kite shield       |    48 |    17 ||    65
       Rpst.: Long sword |    11 |     5 ||    16

Table legend: (Time is in decaauts)
 A = Elapsed time spent in this place.
 B = Non-inter-level travel time spent in this place.
 C = Inter-level travel time spent in this place.
 D = Time resting spent in this place.
 E = Time spent auto-exploring this place.
 F = Levels seen in this place.
 G = Mean time per level.
                   A        B        C        D        E       F      G
               +--------+--------+--------+--------+--------+-----+--------+
         Total |   2247 |   2190 |     57 |    511 |   1341 |   3 |  749.0 |
       Dungeon |   2247 |   2190 |     57 |    511 |   1341 |   3 |  749.0 |
               +--------+--------+--------+--------+--------+-----+--------+

Top non-repeatable levels by time:
     D:2: 1117 daAuts
     D:1: 1102 daAuts
     D:3: 28 daAuts
